 Dungeon Crawl Stone Soup version 0.29.1-12-g30fa7ad0bf (webtiles) character file.

Game seed: 5382551952803888141

23 hawla the Firebug (level 3, -7/26 HPs)
             Began as a Meteoran Fire Elementalist on Jan 9, 2023.
             Mangled by a black bear (8 damage)
             ... on level 3 of the Dungeon.
             The game lasted 00:01:18 (121 turns).

hawla the Firebug (Meteoran Fire Elementalist)       Turns: 121, Time: 00:01:19

Health: -7/26      AC:  2    Str:  9    XL:     3   Next: 29%
Magic:  0/8        EV: 13    Int: 18    God:
Gold:   0          SH:  0    Dex: 15    Spells: 5/8 levels left

rFire   . . .      SeeInvis .   (no weapon)
rCold   . . .      Faith    .   (no shield)
rNeg    . . .      Spirit   .   a - +0 robe
rPois   .          Reflect  .   (no helmet)
rElec   .          Harm     .   (no cloak)
rCorr   .          Rampage  .   (no gloves)
Will    .....                   (no boots)
Stlth   +.........              (no amulet)
HPRegen 0.08/turn               (no ring)
MPRegen 0.11/turn               (no ring)

@: glowing
A: sense surroundings 1, otherworldly, glowing, explore regen
a: no special abilities


You were on level 3 of the Dungeon.
You visited 1 branch of the dungeon, and saw 3 of its levels.

Inventory:

Armour
 a - a +0 robe (worn)
Wands
 g - a wand of mindburst (12)
Scrolls
 e - a scroll of magic mapping {unknown}
Potions
 b - a potion of magic
 f - 2 potions of mutation {unknown}


   Skills:
 + Level 2.7 Dodging
 - Level 1.4 Stealth
 + Level 3.1 Spellcasting
 + Level 1.4 Conjurations
 + Level 4.3 Fire Magic


You had 5 spell levels left.
You knew the following spells:

 Your Spells              Type           Power      Damage    Failure   Level
a - Foxfire               Conj/Fire      52%        2x1d6     4%          1
b - Scorch                Fire           36%        2d6       4%          2

Your spell library contained the following spells:

 Spells                   Type           Power      Damage    Failure   Level
 Conjure Flame            Conj/Fire      13%        6-21      14%         3
 Inner Flame              Hex/Fire       10%        N/A       21%         3
 Flame Wave               Conj/Fire      13%        2d6       43%         4


Dungeon Overview and Level Annotations

Branches:
Dungeon (3/15) Zot: 1678

Altars:
Ru

Annotations:
D:3 Ijyb


Innate Abilities, Weirdness & Mutations

You passively map a small area around you.
You are easily found by Zot.
You glow in the dark.
You regain HP and MP as you explore.


Message History

The jackal bites the bush.
Casting: Foxfire (safe; 4% risk of failure)
Confirm with . or Enter, or press ? or * to list all spells.
You conjure some foxfire!
The jackal bites you but does no damage.
The jackal closely misses you.
Casting: Foxfire (safe; 4% risk of failure)
Confirm with . or Enter, or press ? or * to list all spells.
Flames lash the jackal.
You kill the jackal!
The foxfire hits Ijyb.
Ijyb is lightly wounded.
The foxfire hits the jackal.
You kill the jackal!
Ijyb closely misses you.
Casting: Scorch (safe; 4% risk of failure)
Confirm with . or Enter, or press ? or * to list all spells.
You conjure some foxfire!
Ijyb misses you.
As you read the scroll labelled VEIZAZECAFOU, it crumbles to dust.
It is a scroll of brand weapon.
You aren't carrying any weapons that can be branded.
The foxfire hits the black bear.
The black bear is lightly wounded.
The foxfire hits the black bear.
The black bear is lightly wounded.
The black bear bites you! The black bear barely misses you.
The black bear claws you.
* * * LOW HITPOINT WARNING * * *
Ijyb misses you. The black bear bites you.
* * * LOW HITPOINT WARNING * * *
The black bear claws you.
* * * LOW HITPOINT WARNING * * *
The black bear completely misses you.
The air fills with toxic fumes!
As you read the scroll labelled CUIVEA UNIMEV, it crumbles to dust.
It was a scroll of poison.
The hobgoblin hits the bush but does no damage.
The black bear bites you!
You die... , ,, §§§ , §§* * , # ,##§ #§##§§## ,§§§§§§# * , PPPPPPP§##

,.§§§§§§§§### *
P.PPP§Pg@§§# #
P§§§§§Ph§#§§§§§§
,. P§§§§§Pg##
##### *
#.P§§§§§P§#
#.P§PPP§P§# ,
#.....§§§§#
*####.PPPPPPP§#
####......†..§§§#
..##.######...###


You could see a black bear, Ijyb and a hobgoblin.

Vanquished Creatures
  An adder (D:3)
  A worm (D:2)
  An orc (D:3)
  An endoplasm (D:1)
  2 hobgoblins (D:2)
  3 jackals (D:3)
9 creatures vanquished.

Vanquished Creatures (collateral kills)
  A foxfire (D:3)
1 creature vanquished.

Vanquished Creatures (others)
  28 foxfires
28 creatures vanquished.

Grand Total: 38 creatures vanquished

Notes
Turn   | Place    | Note
-------+----------+-------------------------------------------
     0 | D:1      | hawla the Meteoran Fire Elementalist began the quest for
                  | the Orb.
     0 | D:1      | Reached XP level 1. HP: 14/14 MP: 5/5
    60 | D:2      | Reached XP level 2. HP: 16/20 MP: 2/6
    71 | D:3      | Reached skill level 4 in Fire Magic
    76 | D:3      | Learned a level 2 spell: Scorch
    90 | D:3      | Reached XP level 3. HP: 13/26 MP: 0/8
   107 | D:3      | Found a sacrificial altar of Ru.
   109 | D:3      | Noticed Ijyb
   109 | D:3      | Noticed a black bear
   120 | D:3      | HP: 1/26 [black bear (3)]
   121 | D:3      | Mangled by a black bear

Illustrated notes

Levels and vault maps discovered:
D:1:      erik_arrival_triangle_medium, layout_loops_corners
D:2:      layout_rooms
D:3:      layout_loops_cross, mainiacjoe_overflow_cross_hatched,
          shapermc_ecumenical_altar_flowoftime, uniq_ijyb

Skill      XL: |  1  2 |
---------------+-------+-----
Spellcasting   | 3 |  3.1
Fire Magic     | 4 |  4.3
Dodging        | |  2.7
Stealth        | |  1.4
Conjurations   | |  1.4

Action                   || total
-------------------------++-------
Melee: Unarmed           ||     6
 Cast: Foxfire           ||    18
       Scorch            ||     3
  Use: Scroll            ||     2
Armor: Robe              ||     6
Dodge: Dodged            ||    14
